ORI
UNIVERSITY OF ALABAMA CRIMSON TIDE @ MISSISSIPPI STATE UNIVERSITY BULLDOGS
11/14/2046
 
TOP OF THE 1ST
University of Alabama Crimson Tide batting - Pitching for Mississippi State University Bulldogs : RHP Sa'ng Dai
Pitching: RHP Sa'ng Dai
Batting: RHB Danny Rosario 0-0: Ball
1-0: Foul Ball, location: 2F
1-1: Called Strike
1-2: Foul Ball, location: 2F
1-2: Ground out 5-3 (Groundball, 5S, EV 86.2 MPH)
Batting: RHB Juan Araiza 0-0: Ball
1-0: Swinging Strike
1-1: Ball
2-1: Ball
3-1: Base on Balls
Batting: RHB Hughie Withers 0-0: Called Strike
0-1: Foul Ball, location: 2F
0-2: Reached on error, E5 (Groundball, 56, EV 85.6 MPH)
Juan Araiza to second
Batting: LHB Danny Schultz 0-0: DOUBLE (Flyball, 8RD, EV 88.8 MPH)
Juan Araiza scores
Hughie Withers to third
Batting: RHB Jose Benavidez 0-0: Called Strike
0-1: Ball
1-1: Ball
2-1: Foul Ball, location: 2F
2-2: Strikes out swinging
Batting: RHB Matt Williams 0-0: Ball
1-0: Ball
2-0: Ball
3-0: Called Strike
3-1: Called Strike
3-2: Strikes out looking
Top of the 1st over - 1 run, 1 hit, 1 error, 2 left on base; University of Alabama 1 - Mississippi State University 0
BOTTOM OF THE 1ST
Mississippi State University Bulldogs batting - Pitching for University of Alabama Crimson Tide : LHP Don Rodgers
Pitching: LHP Don Rodgers
Batting: RHB Josh Stene 0-0: Ground out 6-3 (Groundball, 56, EV 106.2 MPH)
Batting: RHB Alvin Abarca 0-0: Called Strike
0-1: Foul Ball, location: 2F
0-2: Ball
1-2: Strikes out swinging
Batting: LHB Danny Shanahan 0-0: Ground out 4-3 (Groundball, 4S, EV 78.8 MPH)
Bottom of the 1st over - 0 runs, 0 hits, 0 errors, 0 left on base; University of Alabama 1 - Mississippi State University 0
TOP OF THE 2ND
University of Alabama Crimson Tide batting - Pitching for Mississippi State University Bulldogs : RHP Sa'ng Dai
Batting: LHB Robby Ramires 0-0: Called Strike
0-1: Ball
1-1: Foul Ball, location: 2F
1-2: Fly out, F8 (Flyball, 8RD, EV 98.8 MPH)
Batting: RHB B.J. Clark 0-0: Foul Ball, location: 2F
0-1: Reached on error, E6 (Flyball, 56D, EV 86.9 MPH)
Batting: RHB Gustavo Delgado 0-0: Called Strike
B.J. Clark steals 2nd base
0-1: Ball
1-1: Ball
2-1: Ball
3-1: Fly out, F8 (Flyball, 8LM, EV 96.2 MPH)
Batting: RHB Danny Rosario 0-0: Ball
1-0: Called Strike
1-1: Fly out, F8 (Line Drive, 8RD, EV 86.9 MPH)
Top of the 2nd over - 0 runs, 0 hits, 1 error, 1 left on base; University of Alabama 1 - Mississippi State University 0
BOTTOM OF THE 2ND
Mississippi State University Bulldogs batting - Pitching for University of Alabama Crimson Tide : LHP Don Rodgers
Batting: LHB Vinnie Kalman 0-0: Foul Ball, location: 2F
0-1: Ball
1-1: Called Strike
1-2: Foul Ball, location: 2F
1-2: Strikes out looking
Batting: RHB Benjamin Alderdice 0-0: Ball
1-0: Foul Ball, location: 2F
1-1: Called Strike
1-2: Strikes out looking
Batting: LHB Ricardo Ramos 0-0: Ball
1-0: Ball
2-0: Ground out 6-3 (Groundball, 6, EV 89.4 MPH)
Bottom of the 2nd over - 0 runs, 0 hits, 0 errors, 0 left on base; University of Alabama 1 - Mississippi State University 0
TOP OF THE 3RD
University of Alabama Crimson Tide batting - Pitching for Mississippi State University Bulldogs : RHP Sa'ng Dai
Batting: RHB Juan Araiza 0-0: Ball
1-0: Called Strike
1-1: Ball
2-1: Ball
3-1: Foul Ball, location: 2F
3-2: Strikes out swinging
Batting: RHB Hughie Withers 0-0: Ball
1-0: Ground out 6-3 (Groundball, 6, EV 101.9 MPH)
Batting: LHB Danny Schultz 0-0: Ball
1-0: Swinging Strike
1-1: Ball
2-1: Ball
3-1: Foul Ball, location: 2F
3-2: Fly out, F8 (Flyball, 8LM, EV 91.2 MPH)
Top of the 3rd over - 0 runs, 0 hits, 0 errors, 0 left on base; University of Alabama 1 - Mississippi State University 0
BOTTOM OF THE 3RD
Mississippi State University Bulldogs batting - Pitching for University of Alabama Crimson Tide : LHP Don Rodgers
Batting: RHB Oscar Vargas 0-0: Ball
1-0: Called Strike
1-1: Swinging Strike
1-2: Foul Ball, location: 2F
1-2: Strikes out swinging
Batting: RHB Josh Simmons 0-0: Ball
1-0: Called Strike
1-1: Called Strike
1-2: Ground out 1-3 (Groundball, 34S, EV 75.0 MPH)
Batting: RHB Bill Petipas 0-0: Swinging Strike
0-1: Swinging Strike
0-2: Ball
1-2: Strikes out looking
Bottom of the 3rd over - 0 runs, 0 hits, 0 errors, 0 left on base; University of Alabama 1 - Mississippi State University 0
TOP OF THE 4TH
University of Alabama Crimson Tide batting - Pitching for Mississippi State University Bulldogs : RHP Sa'ng Dai
Batting: RHB Jose Benavidez 0-0: SINGLE (Line Drive, 3D, EV 98.1 MPH)
Batting: RHB Matt Williams 0-0: Called Strike
0-1: Called Strike
0-2: Ball
1-2: Ball
2-2: Foul Ball, location: 2F
2-2: Foul Ball, location: 2F
2-2: SINGLE (Groundball, P, EV 85.0 MPH) (infield hit)
Jose Benavidez to second
Batting: LHB Robby Ramires 0-0: Foul Ball, location: 2F
0-1: Called Strike
0-2: Foul Ball, location: 2F
0-2: Foul Ball, location: 2F
0-2: Fielders Choice at 2nd, 4-6 (Groundball, 34, EV 101.9 MPH)
Jose Benavidez to third
Batting: RHB B.J. Clark 0-0: Foul Ball, location: 2F
0-1: Ball
1-1: Foul Ball, location: 2F
1-2: Ball
2-2: Ball
3-2: Base on Balls
Robby Ramires to second
Batting: RHB Gustavo Delgado 0-0: Foul Ball, location: 2F
0-1: Swinging Strike
0-2: Foul Ball, location: 2F
0-2: Strikes out swinging
Batting: RHB Danny Rosario 0-0: Ball
1-0: Ball
2-0: DOUBLE (Flyball, 8RD, EV 111.2 MPH)
Jose Benavidez scores
Robby Ramires scores
B.J. Clark to third
Batting: RHB Juan Araiza 0-0: Ball
1-0: Ball
2-0: Fly out, F8 (Flyball, 8RXD, EV 94.4 MPH)
Top of the 4th over - 2 runs, 3 hits, 0 errors, 2 left on base; University of Alabama 3 - Mississippi State University 0
BOTTOM OF THE 4TH
Mississippi State University Bulldogs batting - Pitching for University of Alabama Crimson Tide : LHP Don Rodgers
Batting: RHB Josh Stene 0-0: Ball
1-0: Foul Ball, location: 2F
1-1: Foul Ball, location: 2F
1-2: Foul Ball, location: 2F
1-2: Ball
2-2: Fly out, F4 (Line Drive, 4, EV 69.4 MPH)
Batting: RHB Alvin Abarca 0-0: Called Strike
0-1: DOUBLE (Line Drive, 9LS, EV 93.8 MPH)
Batting: LHB Danny Shanahan 0-0: Ball
1-0: Fly out, F9 (Flyball, 89S, EV 87.5 MPH)
Batting: LHB Vinnie Kalman 0-0: Called Strike
0-1: Called Strike
0-2: Ball
1-2: Foul Ball, location: 2F
1-2: Ball
2-2: Strikes out swinging
Bottom of the 4th over - 0 runs, 1 hit, 0 errors, 1 left on base; University of Alabama 3 - Mississippi State University 0
TOP OF THE 5TH
University of Alabama Crimson Tide batting - Pitching for Mississippi State University Bulldogs : RHP Sa'ng Dai
Batting: RHB Hughie Withers 0-0: Ground out 5-3 (Groundball, 5, EV 86.9 MPH)
Batting: LHB Danny Schultz 0-0: Called Strike
0-1: Ball
1-1: Ball
2-1: Ball
3-1: Base on Balls
Batting: RHB Jose Benavidez 0-0: Called Strike
0-1: Ball
Danny Schultz steals 2nd base
1-1: Ball
2-1: Ball
3-1: Base on Balls
Batting: RHB Matt Williams 0-0: Called Strike
0-1: Grounds into double play, 4-6-3 (Groundball, 4, EV 92.5 MPH)
Top of the 5th over - 0 runs, 0 hits, 0 errors, 1 left on base; University of Alabama 3 - Mississippi State University 0
BOTTOM OF THE 5TH
Mississippi State University Bulldogs batting - Pitching for University of Alabama Crimson Tide : LHP Don Rodgers
Batting: RHB Benjamin Alderdice 0-0: Fly out, F8 (Flyball, 78D, EV 91.2 MPH)
Batting: LHB Ricardo Ramos 0-0: Called Strike
0-1: Foul Ball, location: 2F
0-2: Ball
1-2: Ball
2-2: SINGLE (Line Drive, 89S, EV 104.4 MPH)
Batting: RHB Oscar Vargas 0-0: Ball
1-0: Fly out, F9 (Flyball, 89S, EV 89.4 MPH)
Batting: RHB Josh Simmons 0-0: SINGLE (Groundball, 34D, EV 103.1 MPH)
Ricardo Ramos to second
Runner from 2nd tries for 3rd, SAFE, throw by RF made to third
Batting: RHB Bill Petipas 0-0: Ball
1-0: Swinging Strike
1-1: Fly out, F9 (Line Drive, 9S, EV 101.2 MPH)
Bottom of the 5th over - 0 runs, 2 hits, 0 errors, 2 left on base; University of Alabama 3 - Mississippi State University 0
TOP OF THE 6TH
University of Alabama Crimson Tide batting - Pitching for Mississippi State University Bulldogs : RHP Sa'ng Dai
Batting: LHB Robby Ramires 0-0: Foul Ball, location: 2F
0-1: Ball
1-1: Called Strike
1-2: Ball
2-2: Foul Ball, location: 2F
2-2: Ball
3-2: Foul Ball, location: 2F
3-2: Strikes out swinging
Batting: RHB B.J. Clark 0-0: Foul Ball, location: 2F
0-1: Called Strike
0-2: Ground out 6-3 (Groundball, 6, EV 93.8 MPH)
Batting: RHB Gustavo Delgado 0-0: Foul Ball, location: 2F
0-1: Ball
1-1: Foul Ball, location: 2F
1-2: Foul Ball, location: 2F
1-2: Ball
2-2: Strikes out swinging
Top of the 6th over - 0 runs, 0 hits, 0 errors, 0 left on base; University of Alabama 3 - Mississippi State University 0
BOTTOM OF THE 6TH
Mississippi State University Bulldogs batting - Pitching for University of Alabama Crimson Tide : LHP Don Rodgers
Batting: RHB Josh Stene 0-0: Foul Ball, location: 2F
0-1: Foul Ball, location: 2F
0-2: Ball
1-2: Foul Ball, location: 2F
1-2: Ball
2-2: Ball
3-2: Strikes out swinging
Batting: RHB Alvin Abarca 0-0: Called Strike
0-1: Called Strike
0-2: Ball
1-2: Ball
2-2: Strikes out swinging
Batting: LHB Danny Shanahan 0-0: Fly out, F8 (Line Drive, 8LM, EV 108.8 MPH)
Bottom of the 6th over - 0 runs, 0 hits, 0 errors, 0 left on base; University of Alabama 3 - Mississippi State University 0
TOP OF THE 7TH
University of Alabama Crimson Tide batting - Pitching for Mississippi State University Bulldogs : RHP Sa'ng Dai
Batting: RHB Danny Rosario 0-0: SINGLE (Line Drive, 6D, EV 100.6 MPH)
Pitching: RHP Tony Renteria
Batting: RHB Juan Araiza 0-0: Called Strike
Danny Rosario steals 2nd, throwing error, E2
Danny Rosario to third
0-1: Ball
1-1: SINGLE (Line Drive, 56D, EV 95.0 MPH)
Danny Rosario scores
Batting: RHB Hughie Withers 0-0: Fly out, F8 (Flyball, 8RS, EV 76.9 MPH)
Batting: LHB Danny Schultz 0-0: Ball
1-0: Ball
2-0: Ball
3-0: Called Strike
3-1: Base on Balls
Juan Araiza to second
Batting: RHB Jose Benavidez 0-0: Hit by Pitch
Juan Araiza to third
Danny Schultz to second
Pinch Runner at 1st Platon Protopsaltis:
Pinch Hitting: LHB Dallas Shaw 0-0: Called Strike
0-1: Ball
1-1: Foul Ball, location: 2F
1-2: Ball
2-2: Ball
3-2: Foul Ball, location: 2F
3-2: Base on Balls
Juan Araiza scores
Danny Schultz to third
Platon Protopsaltis to second
Batting: LHB Robby Ramires 0-0: Foul Ball, location: 2F
0-1: SINGLE (Groundball, 4S, EV 95.0 MPH)
Danny Schultz scores
Platon Protopsaltis to third
Dallas Shaw to second
Runner from 3rd tries for Home, SAFE, throw by RF to home
Pinch Hitting: RHB Fernando Reyes 0-0: Foul Ball, location: 2F
0-1: Ball
1-1: Ball
Wild Pitch!
Dallas Shaw to third
Robby Ramires to second
2-1: Foul Ball, location: 2F
2-2: Fly out, F4 (Popup, 4D, EV 60.0 MPH)
Pinch Hitting: LHB Adam Antico 0-0: Ground out 6-3 (Groundball, 6, EV 80.0 MPH)
Top of the 7th over - 4 runs, 3 hits, 1 error, 2 left on base; University of Alabama 7 - Mississippi State University 0
BOTTOM OF THE 7TH
Mississippi State University Bulldogs batting - Pitching for University of Alabama Crimson Tide : LHP Don Rodgers
Now at C: Larry Brown
Now at 1B: Adam Antico
Now at 3B: Dallas Shaw
Now in CF: Platon Protopsaltis
Batting: LHB Vinnie Kalman 0-0: Ball
1-0: Ball
2-0: Called Strike
2-1: Ground out 4-3 (Groundball, P, EV 92.5 MPH)
Pitching: RHP Michael Outcalt
Batting: RHB Benjamin Alderdice 0-0: Foul Ball, location: 2F
0-1: Ball
1-1: Foul Ball, location: 2F
1-2: Strikes out looking
Batting: LHB Ricardo Ramos 0-0: Called Strike
0-1: Ball
1-1: Ball
2-1: Foul Ball, location: 2F
2-2: Strikes out looking
Bottom of the 7th over - 0 runs, 0 hits, 0 errors, 0 left on base; University of Alabama 7 - Mississippi State University 0
TOP OF THE 8TH
University of Alabama Crimson Tide batting - Pitching for Mississippi State University Bulldogs : RHP Tony Renteria
Batting: RHB Danny Rosario 0-0: Ball
1-0: SINGLE (Line Drive, 56, EV 106.9 MPH)
Batting: RHB Juan Araiza 0-0: Ball
1-0: Ball
2-0: Ball
Danny Rosario steals 2nd base
3-0: Called Strike
3-1: SINGLE (Groundball, 6MD, EV 101.2 MPH)
Danny Rosario to third
Runner from 3rd tries for Home, SAFE, throw by CF to home
Batting: RHB Hughie Withers 0-0: Ball
1-0: Ball
2-0: Called Strike
2-1: Fielders Choice at 2nd, 6-4 (Groundball, 6, EV 99.4 MPH)
Pinch Hitting: LHB Yu-shu Ni 0-0: Ball
1-0: Called Strike
1-1: Foul Ball, location: 2F
1-2: Ball
2-2: Fielders Choice at 2nd, 3-6 (Groundball, 34, EV 83.8 MPH)
Batting: LHB Platon Protopsaltis 0-0: Called Strike
0-1: Ball
1-1: Swinging Strike
1-2: Ball
2-2: Ball
3-2: Base on Balls
Yu-shu Ni to second
Batting: LHB Dallas Shaw 0-0: Ball
1-0: Foul Ball, location: 2F
1-1: Ball
2-1: Foul Ball, location: 2F
2-2: Ball
3-2: Fly out, F7 (Flyball, 78S, EV 84.4 MPH)
Top of the 8th over - 1 run, 2 hits, 0 errors, 2 left on base; University of Alabama 8 - Mississippi State University 0
BOTTOM OF THE 8TH
Mississippi State University Bulldogs batting - Pitching for University of Alabama Crimson Tide : RHP Michael Outcalt
Now in LF: Yu-shu Ni
Batting: RHB Oscar Vargas 0-0: Called Strike
0-1: Ball
1-1: Foul Ball, location: 2F
1-2: Ball
2-2: Ball
3-2: Strikes out swinging
Batting: RHB Josh Simmons 0-0: Foul Ball, location: 2F
0-1: Ball
1-1: Called Strike
1-2: Strikes out swinging
Batting: RHB Bill Petipas 0-0: Ground out 4-3 (Groundball, 4, EV 80.0 MPH)
Bottom of the 8th over - 0 runs, 0 hits, 0 errors, 0 left on base; University of Alabama 8 - Mississippi State University 0
TOP OF THE 9TH
University of Alabama Crimson Tide batting - Pitching for Mississippi State University Bulldogs : RHP Tony Renteria
Batting: LHB Robby Ramires 0-0: Foul Ball, location: 2F
0-1: SINGLE (Groundball, 56, EV 100.6 MPH)
Pinch Hitting: LHB Matt Barkley 0-0: Ball
1-0: Called Strike
1-1: Ball
2-1: Foul Ball, location: 2F
2-2: Ball
3-2: Foul Ball, location: 2F
3-2: Fielders Choice at 2nd, 4-6 (Groundball, 34, EV 104.4 MPH)
Pitching: RHP Chris Everett
Batting: LHB Adam Antico 0-0: Called Strike
0-1: Ball
Matt Barkley is caught stealing 2nd base 2-6
1-1: Ball
2-1: Ball
3-1: Called Strike
3-2: Ground out 6-3 (Groundball, 6M, EV 86.2 MPH)
Top of the 9th over - 0 runs, 1 hit, 0 errors, 0 left on base; University of Alabama 8 - Mississippi State University 0
BOTTOM OF THE 9TH
Mississippi State University Bulldogs batting - Pitching for University of Alabama Crimson Tide : RHP Michael Outcalt
Now at C: Eric Kilmer
Batting: RHB Josh Stene 0-0: Ball
1-0: Ground out 1-3 (Groundball, 23, EV 63.1 MPH)
Batting: RHB Alvin Abarca 0-0: Ball
1-0: Ball
2-0: Called Strike
2-1: Ground out 4-3 (Groundball, 4M, EV 84.4 MPH)
Batting: LHB Danny Shanahan 0-0: Foul Ball, location: 2F
0-1: Swinging Strike
0-2: Ball
1-2: Ball
2-2: Foul Ball, location: 2F
2-2: Foul Ball, location: 2F
2-2: Ball
3-2: Base on Balls
Batting: LHB Vinnie Kalman 0-0: Swinging Strike
0-1: Foul Ball, location: 2F
0-2: Strikes out swinging
Bottom of the 9th over - 0 runs, 0 hits, 0 errors, 1 left on base; University of Alabama 8 - Mississippi State University 0
Tuesday, September 13th , 2022 - OOTP Baseball 23.7 Build 88